 Dungeon Crawl Stone Soup version 0.31-a0-219-g8d62b2e7bb (webtiles) character file.

Game seed: 3665275431860708512

442 Zonian the Magician (level 6, -1/32 HPs)
             Began as a Deep Elf Fire Elementalist on July 3, 2023.
             Killed from afar by Pikel (12 damage)
             ... with an iceblast
             ... on level 5 of the Dungeon.
             The game lasted 00:11:44 (5375 turns).

Zonian the Magician (Deep Elf Fire Elementalist)    Turns: 5375, Time: 00:11:44

Health: -1/32      AC:  7    Str:  5    XL:     6   Next: 71%
Magic:  13/16      EV: 13    Int: 22    God:
Gold:   251        SH:  5    Dex: 15    Spells: 5/16 levels left

rFire   . . .        c - +0 dagger
rCold   . . .        (no shield)
rNeg    . . .        a - +0 robe
rPois   .            m - +0 helmet
rElec   .            (no cloak)
rCorr   .            i - +0 pair of gloves
SInv    .            h - +2 pair of boots {Stlth+}
Will    .....        e - amulet of reflection
Stlth   +++          n - ring of wizardry
HPRegen 0.25/turn    (no ring)
MPRegen 0.15/turn

%: reflection, wizardry (x1)
@: no status effects
A: no striking features
a: no special abilities


You were on level 5 of the Dungeon.
You visited 1 branch of the dungeon, and saw 5 of its levels.

You collected 251 gold pieces.

Inventory:

Hand Weapons
 c - a +0 dagger (weapon)
Missiles
 d - 6 poisoned darts
Armour
 a - a +0 robe (worn)
 h - a +2 pair of boots of stealth (worn)
 i - a +0 pair of gloves (worn)
 m - a +0 helmet (worn)
Jewellery
 b - an amulet of reflection
 e - an amulet of reflection (around neck)
 n - a ring of wizardry (left hand)
Wands
 f - a wand of flame (13)
 r - a wand of iceblast (9)
Scrolls
 j - a scroll of amnesia {unknown}
 o - a scroll of brand weapon {unknown}
 q - 2 scrolls of identify {unknown}
Potions
 g - a potion of enlightenment
 p - a potion of curing


   Skills:
 - Level 2.9 Dodging
 - Level 3.0 Stealth
 + Level 5.7 Spellcasting
 + Level 4.0 Conjurations
 + Level 5.2 Fire Magic
 + Level 1.7 Poison Magic


You had 5 spell levels left.
You knew the following spells:

 Your Spells              Type           Power      Damage    Failure   Level
a - Foxfire               Conj/Fire      100%       2x1d9     1%          1
b - Scorch                Fire           58%        2d7       1%          2
c - Magic Dart            Conj           96%        1d7       1%          1
d - Flame Wave            Conj/Fire      26%        2d8       6%          4
e - Mephitic Cloud        Conj/Pois/Air  14%        N/A       5%          3

Your spell library contained the following spells:

 Spells                   Type           Power      Damage    Failure   Level
 Sting                    Tmut/Pois      40%        1d5       2%          1
 Poisonous Vapours        Pois/Air       20%        N/A       4%          2
 Inner Flame              Hex/Fire       17%        N/A       4%          3
 Volatile Blastmotes      Fire/Tloc      34%        2d12      4%          3
 Call Imp                 Summ           12%        N/A       6%          2
 Olgreb's Toxic Radiance  Pois           14%        N/A       17%         4
 Manifold Assault         Tloc           6%         N/A       34%         4
 Dispersal                Tloc           3%         N/A       99%         6
 Disjunction              Tloc           3%         N/A       100%        8


Dungeon Overview and Level Annotations

Branches:
Dungeon (5/15)
 Temple: D:4-7

Altars:

Annotations:
D:3 Sigmund
D:5 Pikel


Message History

You now have 225 gold pieces (gained 17).
You start resting.
HP restored.
You start resting.
Magic restored.
You start waiting.
Done waiting.
Unknown command.
You see here a +0 ring mail.
You now have 243 gold pieces (gained 18).
You now have 251 gold pieces (gained 8).
Found a pair of gloves.
There is an open door here.
There is a stone staircase leading up here.
A dart slug comes into view.
The magic dart hits the dart slug.
The dart slug is heavily wounded.
The magic dart hits the dart slug.
The dart slug is severely wounded.
The magic dart hits the dart slug.
You kill the dart slug!
Pikel, Merchant of Souls comes into view.
He is wielding a +1 whip of electrocution, wearing a +0 robe of willpower and carrying a wand of iceblast (6).
Pikel is nearby!
The magic dart hits Pikel.
Pikel is lightly wounded.
Pikel shouts!
You hear a shout!
Pikel zaps a wand.
The mass of ice explodes!
The iceblast engulfs you!
You hear a shout! x2
The magic dart hits Pikel but does no damage.
Pikel is lightly wounded.
Pikel zaps a wand.
The mass of ice explodes!
The iceblast engulfs you!
You are too injured to fight recklessly!
Unknown command.
Aiming: Iceblast
Press: ? - help, Shift-Dir - straight line, f/p - Pikel
Aim: Pikel, wielding a +1 whip of electrocution, wearing a +0 robe of willpower and carrying a wand of iceblast (4) (lightly wounded)
The mass of ice explodes!
The iceblast engulfs Pikel!
Pikel is moderately wounded.
Pikel zaps a wand.
The mass of ice explodes!
The iceblast engulfs you!
You die...

#. ##K. .K. ###.#
##...#
...####..#######
................
#.#####@########
#.#.รท.....####
#>...........#
####.#.#<..#.##...
#......#<#.#.# ##
#..........#.###
#.....#........#
#.....'........#
#.....#........#


You could see Pikel.

Vanquished Creatures
  A lemure (D:5)
  A phantom (D:5)
  3 hounds
  An orc priest (D:2)
  2 jellies (D:4)
  Ijyb (D:4)
  An iguana (D:5)
  3 adders
  An ufetubus (D:5)
  2 worms
  2 dart slugs
  9 orcs
  5 endoplasms
  7 goblins
  7 hobgoblins
  8 jackals
  8 kobolds
  3 quokkas
  7 ball pythons
  6 bats
  6 frilled lizards
  5 rats
89 creatures vanquished.

Vanquished Creatures (others)
  118 foxfires
118 creatures vanquished.

Grand Total: 207 creatures vanquished

Notes
Turn   | Place    | Note
-------+----------+-------------------------------------------
     0 | D:1      | Zonian the Deep Elf Fire Elementalist began the quest for
                  | the Orb.
     0 | D:1      | Reached XP level 1. HP: 10/10 MP: 6/6
   398 | D:1      | Reached XP level 2. HP: 15/15 MP: 4/8
   540 | D:1      | Found a faded altar of an unknown god.
  1350 | D:2      | Reached XP level 3. HP: 18/19 MP: 2/9
  1569 | D:2      | Learned a level 2 spell: Scorch
  2065 | D:2      | Learned a level 1 spell: Magic Dart
  2294 | D:2      | Reached XP level 4. HP: 24/24 MP: 6/11
  2557 | D:2      | HP: 1/24 [orc priest/+0 hand axe (4)]
  3531 | D:3      | Learned a level 4 spell: Flame Wave
  3666 | D:3      | Noticed Sigmund
  3678 | D:3      | Reached XP level 5. HP: 28/28 MP: 13/13
  3841 | D:4      | Noticed Ijyb
  4095 | D:4      | Reached skill level 5 in Spellcasting
  4338 | D:4      | Learned a level 3 spell: Mephitic Cloud
  4606 | D:4      | Reached XP level 6. HP: 32/32 MP: 13/15
  4697 | D:4      | Killed Ijyb
  4940 | D:5      | Entered Level 5 of the Dungeon
  5054 | D:5      | Reached skill level 5 in Fire Magic
  5054 | D:5      | Reached skill level 1 in Poison Magic
  5369 | D:5      | Noticed Pikel
  5375 | D:5      | Killed from afar by Pikel

Illustrated notes

Levels and vault maps discovered:
D:1:      lightli_arrival_quake, layout_basic, chequers_ecumenical_altar_island,
          minmay_heptomino_l4
D:2:      cheibrodos_pilgrimage, layout_loops_ring, serial_aquarium,
          aquarium_bridge_long_joined [aquarium_subvault_bridge,
          aquarium_subvault_window, aquarium_subvault_bridge,
          aquarium_subvault_window, aquarium_subvault_window,
          aquarium_subvault_window], aquarium_window_corner,
          aquarium_window_corner, aquarium_window_1, aquarium_window_2,
          aquarium_view_2d, aquarium_pool_2
D:3:      layout_basic, uniq_sigmund
D:4:      layout_basic, uniq_ijyb
D:5:      layout_basic, lemuel_zombie_altar_yredelemnul,
          chequers_serial_rivers_small_3, uniq_pikel

Skill      XL: |  1  2  3  4  5  6 |
---------------+-------------------+-----
Stealth        | 3 |  3.0
Conjurations   | 2 3 4 |  4.0
Spellcasting   | 4 5 |  5.7
Fire Magic     | 4 5 |  5.2
Poison Magic   | 1 |  1.7
Dodging        | |  2.9

Action                     |  1- 3 |  4- 6 || total
---------------------------+-------+-------++-------
  Melee: Dagger            |    20 |    87 ||   107
         Unarmed           |     1 |       ||     1
         Punch             |       |     2 ||     2
   Cast: Foxfire           |    88 |     4 ||    92
         Magic Dart        |     3 |    94 ||    97
         Scorch            |       |    27 ||    27
  Evoke: Wand              |       |     1 ||     1
    Use: Potion            |       |     8 ||     8
         Scroll            |       |     4 ||     4
   Stab: Sleeping          |     1 |     1 ||     2
 Armour: Robe              |    16 |    41 ||    57
  Dodge: Dodged            |    34 |    84 ||   118
  Block: Other             |     9 |    31 ||    40
         Reflection        |       |     1 ||     1

Table legend: (Time is in decaauts)
 A = Elapsed time spent in this place.
 B = Non-inter-level travel time spent in this place.
 C = Inter-level travel time spent in this place.
 D = Time resting spent in this place.
 E = Time spent auto-exploring this place.
 F = Levels seen in this place.
 G = Mean time per level.
                   A        B        C        D        E       F      G
               +--------+--------+--------+--------+--------+-----+--------+
         Total |   5342 |   5264 |     78 |   1318 |   3035 |   5 | 1068.4 |
       Dungeon |   5342 |   5264 |     78 |   1318 |   3035 |   5 | 1068.4 |
               +--------+--------+--------+--------+--------+-----+--------+

Top non-repeatable levels by time:
     D:2: 1919 daAuts
     D:1: 1271 daAuts
     D:4: 1024 daAuts
     D:3: 707 daAuts
     D:5: 419 daAuts
